 Dungeon Crawl Stone Soup version 0.31-a0-162-gc4c5a43528 (webtiles) character file.

Game seed: 17180491160312740279

571 qw the Shooter (level 7, -4/66 HPs)
             Began as a Naga Hunter on June 12, 2023.
             Slain by a gnoll
             ... wielding a +0 flail
              (6 damage)
             ... on level 5 of the Dungeon.
             The game lasted 00:01:02 (3219 turns).

qw the Shooter (Naga Hunter)                        Turns: 3219, Time: 00:01:02

Health: -4/66      AC:  6    Str: 17    XL:     7   Next: 34%
Magic:  7/7        EV: 15    Int:  9    God:
Gold:   167        SH:  0    Dex: 23    Spells: 6/6 levels left

rFire   . . .        Y - +1 shortbow
rCold   . . .        (shield currently unavailable)
rNeg    . . .        c - +0 leather armour
rPois   +            g - +2 helmet
rElec   .            (no cloak)
rCorr   .            (no gloves)
SInv    +            (no barding)
Will    +....        k - amulet of the acrobat
Stlth   +++          d - +6 ring of dexterity
HPRegen 0.31/turn    m - +5 ring of evasion
MPRegen 0.10/turn

%: acrobat
@: short of breath, very slow
A: AC +2, large, see invisible, deformed body, poison resistance, slowness 2,
spit poison 1, naga tail 1, stinger 1, thin skeletal structure 1, strong-willed
1, strong 1
a: Spit Poison


You were on level 5 of the Dungeon.
You visited 1 branch of the dungeon, and saw 5 of its levels.

You collected 167 gold pieces.


Innate Abilities, Weirdness & Mutations

Your serpentine skin is tough. (AC +2)
You have supernaturally acute eyesight. (SInv)
Armour fits poorly on your strangely shaped body.
Your system is resistant to poisons. (rPois)
You cover ground very slowly.
You can spit poison.
You have a snake-like lower body.
Your tail ends in a venomous barb.
You have a somewhat thin skeletal structure. (Dex +2, Stealth+)
You are strong-willed. (Will+)
Your muscles are strong. (Str +4, Int/Dex -1)


   Skills:
 - Level 4.7 Fighting
 + Level 6.6 Ranged Weapons
 - Level 2.0 Dodging
 - Level 1.5 Stealth


You had 6 spell levels left.
You didn't know any spells.
Your spell library was empty.

Inventory:

Hand Weapons
 Y - a +1 shortbow (weapon)
Armour
 a - the scarf "Yczez" {repulsion, -Tele Harm Str+2}
   (You acquired it on level 3 of the Dungeon)

   Str:       It affects your strength (+2).
   -Tele:     It prevents most forms of teleportation.
   Harm:      It increases damage dealt and taken.
 c - a +0 leather armour (worn)
 g - a +2 helmet (worn)
Jewellery
 d - a +6 ring of dexterity (left hand)
 k - an amulet of the acrobat (around neck)
 m - a +5 ring of evasion (right hand)
Scrolls
 h - a scroll of identify
Potions
 b - a potion of curing
 e - a potion of heal wounds {unknown}
 f - a potion of mutation
 i - a potion of enlightenment {unknown}
 j - a potion of brilliance {unknown}
 l - a potion of haste {unknown}

Dungeon Overview and Level Annotations

Branches:
Dungeon (5/15)
 Temple: D:4-7

Altars:
Ashenzari
Qazlal
Sif Muna


Message History

The gnoll hits you from afar with a +0 halberd!
The gnoll closely misses you.
You shoot an arrow. The arrow hits the gnoll.
The gnoll is heavily wounded.
The gnoll hits you from afar with a +0 halberd!
The gnoll barely misses you.
You shoot an arrow. The arrow barely misses the gnoll.
You have got your breath back.
The gnoll closely misses you. The gnoll misses you.
The gnoll closely misses you. The gnoll misses you.
3215 ||| INVOKING Spit Poison.
Aiming: Spit Poison (1% risk of failure)
Press: ? - help, Shift-Dir - straight line, f/p - gnoll The splash of poison hits the gnoll.
The gnoll is poisoned.
The gnoll is severely wounded.
The gnoll misses you. The gnoll hits you with a +0 club!
The gnoll hits you with a +0 club. The gnoll misses you.
You shoot an arrow. The arrow hits the gnoll.
You kill the gnoll!
The gnoll hits you from afar with a +0 halberd.
The gnoll misses you. The gnoll closely misses you.
A gnoll comes into view. It is wielding a +0 flail.
The gnoll misses you.
You shoot an arrow. The arrow hits the gnoll!
The gnoll is severely wounded.
The gnoll barely misses you. The gnoll misses you.
The gnoll closely misses you. x2
You shoot an arrow. The arrow barely misses the gnoll.
You have got your breath back.
The gnoll misses you.
The gnoll hits you from afar with a +0 halberd.
The gnoll hits you with a +0 whip. The gnoll hits you with a +0 flail!
3219 ||| INVOKING Spit Poison.
Aiming: Spit Poison (1% risk of failure)
Press: ? - help, Shift-Dir - straight line, f/p - gnoll The splash of poison hits the gnoll but does no damage.
The gnoll is severely wounded.
The gnoll is no longer moving quickly.
The gnoll completely misses you. The gnoll misses you.
The gnoll hits you with a +0 whip. The gnoll hits you with a +0 flail.
You die...

.....# ...
.....# ...
#g....# ...g
......# ..g..
......# .....#
##.......
.....g##g......#
#..gg.g@......#
##..gggg......#
.....<##........
....# .........
... .##..#... ..
.. ...... ..
...##. ... ####


You could see a gnoll bouda and 9 gnolls.

Vanquished Creatures
  Sigmund (D:3)
  A phantom (D:4)
  2 scorpions (D:4)
  A hound (D:4)
  2 iguanas
  Robin (D:4)
  2 gnolls (D:5)
  4 adders
  2 worms (D:3)
  7 endoplasms
  5 giant cockroaches
  19 goblins
  3 hobgoblins
  2 jackals (D:1)
  7 kobolds
  4 quokkas
  4 ball pythons (D:1)
  3 bats
  3 frilled lizards
  6 rats
79 creatures vanquished.

Notes
Turn   | Place    | Note
-------+----------+-------------------------------------------
     0 | D:1      | qw the Naga Hunter began the quest for the Orb.
     0 | D:1      | Reached XP level 1. HP: 19/19 MP: 1/1
     0 | D:1      | 0 ||| qw: Version: 0.2-a-29-gc1b59c4
     0 | D:1      | 0 ||| qw: Game counter: 4361
     0 | D:1      | 0 ||| qw: Always use a shield: true
     0 | D:1      | 0 ||| qw: God list: Okawaru
     0 | D:1      | 0 ||| qw: Allow faded altars: false
     0 | D:1      | 0 ||| qw: Do Orc after D:15 true
     0 | D:1      | 0 ||| qw: Do second Lair branch before Depths: true
     0 | D:1      | 0 ||| qw: Lair rune preference: random
     0 | D:1      | 0 ||| qw: Plans: Normal
     0 | D:1      | 0 ||| PLANNING D:1-11
   103 | D:1      | 103 ||| INVOKING Spit Poison.
   107 | D:1      | 107 ||| INVOKING Spit Poison.
   145 | D:1      | 145 ||| INVOKING Spit Poison.
   160 | D:1      | 160 ||| INVOKING Spit Poison.
   207 | D:1      | 207 ||| INVOKING Spit Poison.
   212 | D:1      | 212 ||| INVOKING Spit Poison.
   213 | D:1      | Reached skill level 4 in Ranged Weapons
   213 | D:1      | Reached XP level 2. HP: 25/26 MP: 2/2
   234 | D:1      | 234 ||| INVOKING Spit Poison.
   239 | D:1      | 239 ||| INVOKING Spit Poison.
   240 | D:1      | 240 ||| INVOKING Spit Poison.
   258 | D:1      | 258 ||| INVOKING Spit Poison.
   269 | D:1      | 269 ||| INVOKING Spit Poison.
   303 | D:1      | 303 ||| INVOKING Spit Poison.
   349 | D:1      | 349 ||| INVOKING Spit Poison.
   569 | D:1      | 569 ||| INVOKING Spit Poison.
   664 | D:1      | 664 ||| INVOKING Spit Poison.
   674 | D:1      | 674 ||| INVOKING Spit Poison.
   713 | D:1      | Found a faded altar of an unknown god.
   812 | D:1      | 812 ||| INVOKING Spit Poison.
   871 | D:1      | 871 ||| UPGRADING to +6 ring of dexterity.
   872 | D:1      | 872 ||| READING scroll labelled ROCRYM SULI.
   873 | D:1      | 873 ||| READING scroll labelled HUJONT ROIBBA.
   874 | D:1      | 874 ||| DROPPING scroll of butterflies.
   933 | D:2      | 933 ||| INVOKING Spit Poison.
   934 | D:2      | Reached XP level 3. HP: 32/32 MP: 3/3
   939 | D:2      | 939 ||| INVOKING Spit Poison.
   941 | D:2      | 941 ||| STAIRDANCE
  1068 | D:2      | 1068 ||| INVOKING Spit Poison.
  1073 | D:2      | 1073 ||| INVOKING Spit Poison.
  1076 | D:2      | 1076 ||| INVOKING Spit Poison.
  1187 | D:2      | 1187 ||| INVOKING Spit Poison.
  1209 | D:2      | 1209 ||| INVOKING Spit Poison.
  1228 | D:2      | 1228 ||| INVOKING Spit Poison.
  1246 | D:2      | 1246 ||| INVOKING Spit Poison.
  1758 | D:2      | 1758 ||| DROPPING ring of flight.
  1759 | D:2      | 1759 ||| UPGRADING to +5 ring of evasion.
  1760 | D:2      | 1760 ||| READING scroll labelled OTZOECV ASKAUH.
  1761 | D:2      | 1761 ||| READING scroll labelled OFEYRA JILYJ.
  1764 | D:2      | 1764 ||| READING scroll labelled PYIPO ZEDIPTOO.
  1787 | D:3      | 1787 ||| INVOKING Spit Poison.
  1793 | D:3      | 1793 ||| INVOKING Spit Poison.
  1797 | D:3      | Reached skill level 5 in Ranged Weapons
  1797 | D:3      | Reached XP level 4. HP: 38/39 MP: 4/4
  1807 | D:3      | 1807 ||| INVOKING Spit Poison.
  1839 | D:3      | 1839 ||| INVOKING Spit Poison.
  1849 | D:3      | 1849 ||| INVOKING Spit Poison.
  1867 | D:3      | 1867 ||| INVOKING Spit Poison.
  1872 | D:3      | Noticed Sigmund
  1873 | D:3      | 1873 ||| INVOKING Spit Poison.
  1878 | D:3      | 1878 ||| INVOKING Spit Poison.
  1880 | D:3      | Killed Sigmund
  1881 | D:3      | Reached XP level 5. HP: 42/51 MP: 5/5
  1881 | D:3      | Reached XP level 6. HP: 48/58 MP: 6/6
  1947 | D:3      | 1947 ||| INVOKING Spit Poison.
  1970 | D:3      | 1970 ||| INVOKING Spit Poison.
  1971 | D:3      | Found a broken altar of Ashenzari.
  2111 | D:3      | 2111 ||| INVOKING Spit Poison.
  2168 | D:3      | 2168 ||| INVOKING Spit Poison.
  2389 | D:3      | 2389 ||| INVOKING Spit Poison.
  2393 | D:3      | 2393 ||| INVOKING Spit Poison.
  2397 | D:3      | 2397 ||| INVOKING Spit Poison.
  2400 | D:3      | 2400 ||| INVOKING Spit Poison.
  2442 | D:3      | 2442 ||| UPGRADING to amulet of the acrobat.
  2447 | D:3      | 2447 ||| READING scroll labelled TIKUITI EHOIBB.
  2447 | D:3      | Identified a scroll of acquirement
  2447 | D:3      | 2447 ||| ACQUIRING scarf "Yczez" {repulsion, -Tele Harm
                  | Str+2}
  2447 | D:3      | Acquired the scarf "Yczez" {repulsion, -Tele Harm Str+2}
  2449 | D:3      | 2449 ||| DRINKING 2 bubbling cyan potions.
  2450 | D:3      | 2450 ||| DRINKING 2 fizzy purple potions.
  2450 | D:3      | Gained mutation: Your muscles are strong. (Str +4, Int/Dex
                  | -1) [potion of mutation]
  2450 | D:3      | Gained mutation: You have a somewhat thin skeletal
                  | structure. (Dex +2, Stealth+) [potion of mutation]
  2450 | D:3      | Gained mutation: Your tail ends in a venomous barb. [potion
                  | of mutation]
  2450 | D:3      | Gained mutation: You are strong-willed. (Will+) [potion of
                  | mutation]
  2451 | D:3      | 2451 ||| DRINKING 2 fizzy pink potions.
  2452 | D:3      | 2452 ||| DROPPING potion of invisibility.
  2481 | D:4      | Found a stormy altar of Qazlal.
  2511 | D:4      | 2511 ||| INVOKING Spit Poison.
  2594 | D:4      | 2594 ||| INVOKING Spit Poison.
  2626 | D:4      | 2626 ||| INVOKING Spit Poison.
  2632 | D:4      | Noticed Robin
  2633 | D:4      | 2633 ||| INVOKING Spit Poison.
  2636 | D:4      | 2636 ||| INVOKING Spit Poison.
  2641 | D:4      | 2641 ||| INVOKING Spit Poison.
  2643 | D:4      | Killed Robin
  2737 | D:4      | 2737 ||| INVOKING Spit Poison.
  2739 | D:4      | Reached skill level 6 in Ranged Weapons
  2762 | D:4      | Reached XP level 7. HP: 66/66 MP: 7/7
  2827 | D:4      | Found a shimmering blue altar of Sif Muna.
  2839 | D:4      | 2839 ||| INVOKING Spit Poison.
  2843 | D:4      | 2843 ||| INVOKING Spit Poison.
  2847 | D:4      | 2847 ||| INVOKING Spit Poison.
  3179 | D:4      | 3179 ||| UPGRADING to +2 helmet.
  3204 | D:5      | Entered Level 5 of the Dungeon
  3205 | D:5      | 3205 ||| INVOKING Spit Poison.
  3209 | D:5      | 3209 ||| INVOKING Spit Poison.
  3211 | D:5      | 3211 ||| Stepping ~*~*~tactically~*~*~ (outnumbered).
  3215 | D:5      | 3215 ||| INVOKING Spit Poison.
  3218 | D:5      | HP: 16/66 [gnoll/+0 whip (5)]
  3218 | D:5      | HP: 7/66 [gnoll/+0 flail (9)]
  3219 | D:5      | 3219 ||| INVOKING Spit Poison.
  3219 | D:5      | HP: 2/66 [gnoll/+0 whip (5)]
  3219 | D:5      | Slain by a gnoll

Levels and vault maps discovered:
D:1:      minmay_arrival_split_and_join, layout_basic,
          dreamdust_ecumenical_altar_hidden_monk_grotto, dk_noncrumbling_4,
          minmay_cut_off
D:2:      layout_basic, due_unseen_surprise
D:3:      layout_basic, nicolae_ashenzari_skybound, minmay_misc_feat_cross,
          uniq_sigmund
D:4:      layout_loops_cross, lemuel_round_altar, grunt_qazlal_sundering,
          grunt_decor_junction, kennysheep_generic_room_11, uniq_robin
D:5:      layout_cave_pools, hex_medium, grunt_ministairs_12, uniq_edmund,
          uniq_duvessa, uniq_menkaure

Skill      XL: |  1  2  3  4  5  6 |
---------------+-------------------+-----
Ranged Weapons | 4 5 6 |  6.6
Fighting       | 4 |  4.7
Dodging        | 2 |  2.0
Stealth        | |  1.5

Action                     |  1- 3 |  4- 6 |  7- 9 || total
---------------------------+-------+-------+-------++-------
   Fire: Shortbow          |    69 |    55 |    18 ||   142
Ability: Spit Poison       |    27 |    21 |     7 ||    55
    Use: Scroll            |     5 |     1 |       ||     6
         Potion            |       |     3 |       ||     3
 Armour: Leather armour    |     4 |     3 |       ||     7
  Dodge: Dodged            |    10 |    13 |    22 ||    45

Table legend:
 A = Non-vault XP
 B = Vault XP
 C = Vault XP percentage of total XP
 D = Non-vault monster count
 E = Vault monster count
 F = Vault count percentage of total count
                 A         B        C        D         E       F
            +---------+---------+-------+---------+---------+-------
      Total |     548 |     268 |  32.8 |      63 |      16 |  20.3
            +---------+---------+-------+---------+---------+-------
        D:1 |      30 |       5 |  14.3 |      19 |       3 |  13.6
        D:2 |      43 |       0 |   0.0 |      13 |       0 |   0.0
        D:3 |      52 |     226 |  81.3 |      15 |       1 |   6.2
        D:4 |     358 |      37 |   9.4 |      13 |      12 |  48.0
        D:5 |      65 |       0 |   0.0 |       3 |       0 |   0.0
            +---------+---------+-------+---------+---------+-------
